 Dungeon Crawl Stone Soup version 0.21-a0-81-gc5150db (webtiles) character file.

22 Rrauwl the Magician (level 2, 0/15 HPs)
             Began as a Deep Elf Wizard on June 23, 2017.
             Slain by a jackal (2 damage)
             ... on level 1 of the Dungeon.
             The game lasted 00:04:48 (777 turns).

Rrauwl the Magician (Deep Elf Wizard)                Turns: 777, Time: 00:04:50

Health: 0/15       AC:  2    Str:  4    XL:     2   Next: 68%
Magic:  7/9        EV: 13    Int: 22    God:
Gold:   29         SH:  0    Dex: 13    Spells: 5/10 levels left

rFire    . . .     SeeInvis .   a - +2 mace (drain)
rCold    . . .     Gourm    .   (no shield)
rNeg     . . .     Faith    .   j - +0 robe
rPois    .         Spirit   .   b - +0 hat
rElec    .         Reflect  .   (no cloak)
rCorr    .         Harm     .   (no gloves)
MR       .....                  (no boots)
Stlth    ++........             (no amulet)
HPRegen  0.05/turn              (no ring)
MPRegen  0.11/turn              (no ring)

@: no status effects
A: no striking features
a: no special abilities


You were on level 1 of the Dungeon.
You were not hungry.

You visited 1 branch of the dungeon, and saw 1 of its levels.

You collected 29 gold pieces.

Inventory:

Hand Weapons
 a - a +2 mace of draining (weapon)
Armour
 b - a +0 hat (worn)
 j - a +0 robe (worn)
Scrolls
 i - a scroll of identify {unknown}
Potions
 e - a potion of brilliance {unknown}
Books
 c - a book of Minor Magic

   Spells                             Type                      Level
   a - Magic Dart                     Conjuration                  1
   b - Blink                          Translocation                2
   c - Call Imp                       Summoning                    2
   d - Slow                           Hexes                        2
   e - Conjure Flame                  Conjuration/Fire             3
   f - Mephitic Cloud                 Conjuration/Poison/Air       3
Comestibles
 d - 2 bread rations
 f - 2 fruits
 g - 5 chunks of flesh
 h - a royal jelly


   Skills:
 - Level 3.0 Dodging
 - Level 3.0 Stealth
 + Level 4.8 Spellcasting
 + Level 1.3 Conjurations
 + Level 1.1 Summonings
 + Level 1.1 Translocations


You had 5 spell levels left.
You knew the following spells:

 Your Spells              Type           Power        Failure   Level  Hunger
a - Magic Dart            Conj           ##..         6%          1    None
b - Blink                 Tloc           N/A          10%         2    None
c - Call Imp              Summ           ##......     10%         2    None


Dungeon Overview and Level Annotations

Branches:
Dungeon (1/15)

Altars:


Message History

The jackal is moderately wounded.
The rat bites you but does no damage. The jackal bites you.
The rat twitches its whiskers.
The rat bites you. The jackal bites you.
You closely miss the jackal.
The jackal is moderately wounded.
The jackal closely misses you. The rat barely misses you.
The jackal closely misses you.
You closely miss the jackal.
The jackal is moderately wounded.
The jackal bites you. The rat bites you. The jackal closely misses you.
The rat bites you.
* * * LOW HITPOINT WARNING * * *
Casting: Magic Dart
Confirm with . or Enter, or press ? or * to list all spells.
You blink.
The jackal barks!
A giant cockroach comes into view.
The jackal bites you.
You die...

..#.......#
#...........+.....
..#.......#
#.........%.######
..##########
#........#.#######
...........#
#........#.#.[....
...........#
##.....ยง..#.#......
...........#
#.....h.r.#.#......
##.........#
#.....#####.#......
##.........# #.h...#
#....######
##.........# #.@...#
#....######
...........# #.....#
#...>......
...######### #.....#
#....##.... ...#
#....s# #....##....
...# #.....#
#....##.... ####
####### #....##....
#....##....
#....##....
###########


You could see 2 jackals and a giant cockroach.

Vanquished Creatures
  2 bats (D:1)
  2 giant cockroaches (D:1)
  4 goblins (D:1)
  2 hobgoblins (D:1)
  2 kobolds (D:1)
  2 frilled lizards (D:1)
  2 rats (D:1)
16 creatures vanquished.

Vanquished Creatures (collateral kills)
  A giant cockroach (D:1)
  4 jackals (D:1)
  A kobold (D:1)
6 creatures vanquished.

Grand Total: 22 creatures vanquished

Notes
Turn   | Place    | Note
-------+----------+-------------------------------------------
     0 | D:1      | Rrauwl the Deep Elf Wizard began the quest for the Orb.
     0 | D:1      | Reached XP level 1. HP: 10/10 MP: 7/7
   195 | D:1      | Reached XP level 2. HP: 15/15 MP: 1/9
   457 | D:1      | Learned a level 2 spell: Blink
   460 | D:1      | Learned a level 2 spell: Call Imp
   777 | D:1      | Slain by a jackal

Vault maps used:
D:1:      lemuel_arrival_room

Skill      XL: |  1  2 |
---------------+-------+-----
Stealth        | 3 |  3.0
Dodging        | 3 |  3.0
Spellcasting   | |  4.8
Conjurations   | |  1.3
Summonings     | |  1.1
Translocations | |  1.1

Action                   || total
-------------------------++-------
Melee: Unarmed           ||    13
       Mace              ||     4
 Cast: Magic Dart        ||    34
       Call Imp          ||     4
       Blink             ||     2
Armor: Robe              ||     5
Dodge: Dodged            ||    24
